 Dungeon Crawl Stone Soup version 0.30-a0-57-g8b159a9891 (webtiles) character file.

Game seed: 11525770689033520600

303 Decritt the Trooper (level 6, -1/40 HPs)
             Began as a Gargoyle Fighter on Sept 11, 2022.
             Killed by divine providence
             ... invoked by an orc priest
              (12 damage)
             ... on level 6 of the Dungeon.
             The game lasted 00:05:15 (2256 turns).

Decritt the Trooper (Gargoyle Fighter)              Turns: 2256, Time: 00:05:16

Health: -1/40      AC: 24    Str: 21    XL:     6   Next: 38%
Magic:  6/6        EV:  7    Int:  9    God:
Gold:   188        SH:  4    Dex:  9    Spells: 5/5 levels left

rFire   + . .      SeeInvis .    p - +1 trident (protect)
rCold   + . .      Faith    .    c - +0 buckler
rNeg    + . .      Spirit   .    y - +0 chain mail
rPois   ∞          Reflect  .    o - +2 helmet
rElec   +          Harm     .    r - scarf {rC+ rF+}
rCorr   .          Rampage  .    (no gloves)
Will    +....                    (no boots)
Stlth   ..........               (no amulet)
HPRegen 0.13/turn                d - ring of willpower
MPRegen 0.10/turn                (no ring)

@: under a protective aura
A: sickness immunity, AC +4, negative energy resistance 1, electricity
resistance, torment resistance 1, petrification resistance
a: no special abilities


You were on level 6 of the Dungeon.
You visited 1 branch of the dungeon, and saw 5 of its levels.

You collected 188 gold pieces.

Inventory:

Hand Weapons
 a - a +0 flail
 g - a +1 dagger of speed
 p - a +1 trident of protection (weapon)
Missiles
 x - 3 boomerangs (quivered)
Armour
 b - a +0 scale mail
 c - a +0 buckler (worn)
 o - a +2 helmet (worn)
 r - a scarf of resistance (worn)
 y - a +0 chain mail (worn)
Jewellery
 d - a ring of willpower (left hand)
Wands
 B - a wand of iceblast (10)
Scrolls
 h - a scroll of enchant armour {unknown}
 i - 2 scrolls of teleportation {unknown}
 m - 3 scrolls of vulnerability {unknown}
 n - a scroll of noise {unknown}
 q - a scroll of enchant weapon {unknown}
 s - a scroll of fear {unknown}
 t - a scroll of identify {unknown}
 u - a scroll of silence {unknown}
 v - a scroll of amnesia {unknown}
 w - a scroll of poison {unknown}
Potions
 e - a potion of heal wounds {unknown}
 f - 2 potions of attraction {unknown}
 j - a potion of magic {unknown}
 k - a potion of invisibility {unknown}
 l - a potion of flight {unknown}
 z - a potion of lignification {unknown}
 A - 3 potions of curing {unknown}
 C - a potion of mutation {unknown}


   Skills:
 * Level 5.2 Fighting
 + Level 3.8 Maces & Flails
 + Level 4.3 Armour
 + Level 4.4 Shields


You had 5 spell levels left.
You didn't know any spells.
Your spell library contained the following spells:

 Spells                   Type           Power      Damage    Failure   Level
 Beastly Appendage        Tmut           0%         N/A       99%         1
 Wereblood                Tmut           0%         N/A       100%        2
 Spider Form              Tmut/Pois      0%         N/A       100%        3


Dungeon Overview and Level Annotations

Branches:
Dungeon (4/15)
 Temple: D:4-7

Altars:
Okawaru
Yredelemnul


Innate Abilities, Weirdness & Mutations

You are immune to sickness and miasma.
Your stone body is resilient. (AC +4)
You are immune to poison.
You resist negative energy. (rN+)
You are resistant to electric shocks. (rElec)
You are resistant to unholy torment.
You are immune to petrification.


Message History

The orc priest is moderately wounded.
The orc hits you but does no damage. The orc priest hits you with a +0 club.
The orc priest hits you but does no damage.
The orc barely misses you. x2
You hit the orc priest.
The orc priest is moderately wounded.
The orc completely misses you. The orc hits you but does no damage.
The orc priest hits you with a +0 club.
You barely miss the orc priest.
The orc priest is moderately wounded.
You block the orc's attack.
The orc priest hits you but does no damage.
You closely miss the orc priest.
The orc priest is moderately wounded.
The orc closely misses you. The orc priest barely misses you.
Something hits you but does no damage. The orc hits you but does no damage.
The orc priest hits you but does no damage.
You barely miss the orc priest.
The orc priest is moderately wounded.
You hear some strange, mumbled words.
Something tries to affect you, but you resist.
The orc barely misses you.
The orc priest hits you but does no damage.
You closely miss the orc priest.
The orc priest is moderately wounded.
Something hits you but does no damage. The orc hits you with a +0 hand axe.
The orc priest mumbles some strange prayers to Beogh against you.
Beogh smites you!
* * * LOW HITPOINT WARNING * * *
You puncture the orc priest!
Your weapon exudes an aura of protection.
The orc priest is almost dead.
Something hits you but does no damage. The orc hits you but does no damage.
The orc priest barely misses you. The orc hits you with a +0 hand axe.
* * * LOW HITPOINT WARNING * * *
Something hits you.
* * * LOW HITPOINT WARNING * * *
The orc priest calls down the wrath of Beogh upon you.
Beogh smites you!
You die...

##..# .... ...#
.<.. ...# #..#
....# #.####..#
.....
.......o#......
.....oo.#......
###+#####@o......
.....^....######+
..........#
..........#
..........#
..........#
..........#
######.....
#.....#


You could see an orc priest and 3 orcs.

Vanquished Creatures
  Sigmund (D:2)
  3 orc wizards
  A dart slug (D:3)
  4 orcs
  5 ball pythons
  6 bats
  3 endoplasms
  3 giant cockroaches
  14 goblins
  5 hobgoblins
  7 kobolds
  2 quokkas
  A ball python zombie (D:3)
  2 frilled lizards
  2 giant cockroach zombies (D:3)
  A quokka zombie (D:3)
  A rat (D:2)
61 creatures vanquished.

Notes
Turn   | Place    | Note
-------+----------+-------------------------------------------
     0 | D:1      | Decritt the Gargoyle Fighter began the quest for the Orb.
     0 | D:1      | Reached XP level 1. HP: 14/14 MP: 1/1
   216 | D:1      | Reached XP level 2. HP: 19/19 MP: 2/2
   259 | D:1      | Found a faded altar of an unknown god.
   460 | D:1      | Reached XP level 3. HP: 19/24 MP: 3/3
  1191 | D:2      | Noticed Sigmund
  1206 | D:2      | Killed Sigmund
  1207 | D:2      | Reached skill level 4 in Fighting
  1207 | D:2      | Reached XP level 4. HP: 16/30 MP: 4/4
  1207 | D:2      | Reached XP level 5. HP: 18/34 MP: 5/5
  1825 | D:3      | Found an iron altar of Okawaru.
  1932 | D:3      | Reached skill level 5 in Fighting
  1932 | D:3      | Reached XP level 6. HP: 40/40 MP: 6/6
  2087 | D:3      | Found a basalt altar of Yredelemnul.
  2241 | D:4      | You fall into a shaft and drop 2 floors!
  2256 | D:6      | Killed from afar by an orc priest

Illustrated notes

Levels and vault maps discovered:
D:1:      onia_arrival_mini_maze_b, layout_rooms, ebering_ecumenical_altar_mist,
          hangedman_decor_lopped
D:2:      layout_basic, uniq_sigmund
D:3:      layout_rooms, nicolae_yredelemnul_corpse_copse, lemuel_crystal_altar
D:4:      layout_loops_ring, mainiacjoe_overflow_small_starburst,
          chequers_temple_overflow_statue_of_worship, st_stairs_8,
          minmay_surrounded
D:6:      layout_gridville, kennysheep_generic_room_4, uniq_blork_the_orc,
          uniq_grinder, uniq_edmund

Skill      XL: |  1  2  3  4  5 |
---------------+----------------+-----
Fighting       | 4 5 |  5.2
Maces & Flails | 3 |  3.8
Armour         | 4 |  4.3
Shields        | 4 |  4.4

Action                   |  1- 3 |  4- 6 || total
-------------------------+-------+-------++-------
Melee: Flail             |    16 |       ||    16
       Dagger            |   125 |       ||   125
       Trident           |     4 |    95 ||    99
Throw: Boomerang         |       |    18 ||    18
  Use: Potion            |     1 |       ||     1
Armor: Scale mail        |    75 |     5 ||    80
       Chain mail        |       |    57 ||    57
Dodge: Dodged            |    56 |    29 ||    85
Block: Buckler           |    19 |     9 ||    28

Table legend: (Time is in decaauts)
 A = Elapsed time spent in this place.
 B = Non-inter-level travel time spent in this place.
 C = Inter-level travel time spent in this place.
 D = Time resting spent in this place.
 E = Time spent auto-exploring this place.
 F = Levels seen in this place.
 G = Mean time per level.
                   A        B        C        D        E       F      G
               +--------+--------+--------+--------+--------+-----+--------+
         Total |   2261 |   2178 |     83 |    120 |   1518 |   5 |  452.2 |
       Dungeon |   2261 |   2178 |     83 |    120 |   1518 |   5 |  452.2 |
               +--------+--------+--------+--------+--------+-----+--------+

Top non-repeatable levels by time:
     D:1: 1053 daAuts
     D:2: 590 daAuts
     D:3: 579 daAuts
     D:4: 20 daAuts
     D:6: 18 daAuts
